 Dungeon Crawl Stone Soup version 0.29-a0-334-gb41bcbb86e (webtiles) character file.

Game seed: 10116412546070855669

3005 spaghetti the Zephyrmancer (level 9, -3/48 (51) HPs)
             Began as an Octopode Air Elementalist on Apr 13, 2022.
             Was a Priest of Ru.
             Slain by an orc warrior
             ... wielding a +0 scimitar
              (20 damage)
             ... on level 9 of the Dungeon on Apr 14, 2022.
             The game lasted 00:15:22 (9070 turns).

spaghetti the Zephyrmancer (OpAE)                   Turns: 9070, Time: 00:15:22

HP:   -3/48 (51)    AC:  3    Str:  7    XL:     9   Next: 84%
MP:   24/26         EV: 19    Int: 21    God:    Ru [***...]
Gold: 511           SH:  3    Dex: 13    Spells: 9/19 levels left

rFire   x . .      SeeInvis .   B - staff of air {!astaff}
rCold   x . .      Faith    .   j - +0 buckler
rNeg    . . .      Spirit   .   l - +2 hat
rPois   .          Reflect  .   (no amulet)
rElec   +          Harm     .   x - +4 ring of evasion
rCorr   .          Rampage  .   D - ring of magical power
Will    .....                   (no ring)
Stlth   +++.......              (no ring)
HPRegen 0.16/turn               (no ring)
MPRegen 0.20/turn               (no ring)
                                (no ring)
                                (no ring)

@: exhausted, about to teleport, drained, unable to drink
A: almost no armour, amphibious, 8 rings, camouflage 1, gelatinous body 1,
inability to drink while threatened, temperature sensitive, (nimble swimmer 1),
tentacles
a: Renounce Religion, Draw Out Power


You were on level 9 of the Dungeon.
You worshipped Ru.
Ru was most pleased with you.
You visited 1 branch of the dungeon, and saw 9 of its levels.

You collected 511 gold pieces.


Innate Abilities, Weirdness & Mutations

You cannot wear most types of armour.
You are amphibious.
You can wear up to eight rings at the same time.
Your skin changes colour to match your surroundings (Stealth+).
Your rubbery body absorbs attacks. (AC +1, EV +1)
You sometimes lose the ability to drink potions when taking damage.
You are sensitive to extremes of temperature. (rF-, rC-)
((You are camouflaged when in or above water. (Stealth+)))
You have tentacles for arms and can constrict up to eight enemies at once.


   Skills:
 - Level 7.8 Dodging
 - Level 2.6 Stealth
 + Level 5.9 Spellcasting
 - Level 1.0 Conjurations
 + Level 9.7 Air Magic


You had 9 spell levels left.
You knew the following spells:

 Your Spells              Type           Power      Damage    Failure   Level
a - Shock                 Conj/Air       100%       1d9       1%          1
b - Static Discharge      Conj/Air       43%        N/A       2%          2
c - Swiftness             Air            63%        N/A       1%          3
d - Airstrike             Air            31%        N/A       2%          4

Your spell library contained the following spells:

 Spells                   Type           Power      Damage    Failure   Level
 Corpse Rot               Necr/Air       78%        N/A       2%          2
 Poisonous Vapours        Pois/Air       78%        N/A       2%          2
 Summon Small Mammal      Summ           24%        N/A       14%         1
 Ensorcelled Hibernation  Hex/Ice        12%        N/A       21%         2
 Passwall                 Tmut/Erth      5%         N/A       21%         2
 Stone Arrow              Conj/Erth      16%        3d8       32%         3
 Call Canine Familiar     Summ           6%         N/A       38%         3
 Summon Guardian Golem    Hex/Summ       6%         N/A       38%         3
 Lehudib's Crystal Spear  Conj/Erth      4%         10d3      100%        8
 Animate Armour           Summ/Erth      Unusable   N/A       N/A         4

Inventory:

Hand Weapons
 f - a +0 short sword of venom {short}
   (You found it on level 2 of the Dungeon)
 n - a +4 short sword of flaming {short}
   (You took it off Robin on level 2 of the Dungeon)
 A - a +3 trident of freezing {polearm}
   (You took it off a gnoll sergeant on level 8 of the Dungeon)
 C - a +4 whip {mace}
   (You took it off a gnoll on level 6 of the Dungeon)
 I - a +3 halberd of venom {polearm}
   (You took it off a gnoll on level 8 of the Dungeon)
 J - a +0 dagger of electrocution {short}
   (You took it off an orc wizard on level 8 of the Dungeon)
 K - a +2 dagger of freezing {short}
   (You took it off an orc on level 8 of the Dungeon)
 N - a +3 war axe {axe}
   (You took it off a wight on level 9 of the Dungeon)
 P - a +2 whip of electrocution {mace}
   (You found it on level 9 of the Dungeon)
Missiles
 c - 142 stones {throwing}
 w - 4 poisoned darts {throwing}
 G - 6 atropa-tipped darts {throwing}
Armour
 j - a +0 buckler (worn)
   (You found it on level 1 of the Dungeon)
 l - a +2 hat (worn)
   (You found it on level 1 of the Dungeon)
Magical Staves
 B - a staff of air (weapon) {!astaff}
   (You found it on level 6 of the Dungeon)
Jewellery
 x - a +4 ring of evasion (left tentacle)
   (You found it on level 5 of the Dungeon)
 D - a ring of magical power (right tentacle)
   (You found it on level 7 of the Dungeon)
Wands
 m - a wand of flame (45)
   (You found it on level 4 of the Dungeon)
Scrolls
 g - a scroll of enchant armour
 h - 2 scrolls of fog
 i - a scroll of enchant weapon
 k - a scroll of acquirement {unknown}
 p - a scroll of holy word {unknown}
 q - 2 scrolls of blinking {unknown}
 s - a scroll of immolation {!r!r}
 t - a scroll of torment {unknown}
 z - 6 scrolls of teleportation {@r4}
 E - a scroll of magic mapping {!r}
 H - a scroll of amnesia
 L - a scroll of summoning {unknown}
 Q - a scroll of identify {@r1}
Potions
 a - 2 potions of magic
 b - a potion of ambrosia {unknown}
 d - a potion of flight {unknown}
 e - 4 potions of brilliance {unknown}
 o - 2 potions of lignification {unknown}
 r - 2 potions of attraction {unknown}
 u - a potion of haste {unknown}
 v - 3 potions of heal wounds {unknown}
 F - 2 potions of resistance {unknown}
 M - a potion of cancellation {unknown}
 O - a potion of degeneration {unknown}

Dungeon Overview and Level Annotations

Branches:
Dungeon (9/15)             Temple (0/1) D:6             Orc (0/2) D:9
   Lair: D:8-11

Altars:
Nemelex Xobeh
Ru
Trog

Shops:
D:1 *

Annotations:
D:3 qwertyui's ghost, weakling GrFi

#.# #.# #.# ######
###.#### ###o##.#
##.......
###......###.....###
##.#...##...#.##....#
#..co).#.##.......#.#
#.#.@#.#.#.#####..#..
#...o##.#.## #...#.
#>.#..#.##.# #.#...
...#..#.#. .# #.###.
#.#.. #..##c#.# #.#
#. .#o# .#.
....####.###. ... .#.
..###........ o# o .#
.#. ####.#... .###
#<..##


You could see an orc warrior, a centaur, 2 orc priests, an orc wizard
(wandering) and 2 orcs.


Message History

😕 MP[-2]
You lost 2 mp, and now have 16/26 mp.
Casting: Static Discharge (safe; 2% risk of failure)
Confirm with . or Enter, or press ? or * to list all spells.
You can't see any susceptible monsters within range! (Use Z to cast anyway.) Unknown command.
Okay, then.
Unknown command.
You see here a killer bee corpse.
Key pressed, stopping explore.
Found a stone staircase leading down. 😎 HP[+5] MP[+10]
Your hp is fully restored (51).
Your mp is fully restored (26).
Okay, then.
You see here a killer bee corpse.
Key pressed, stopping explore.
v - 3 emerald potions (gained 1)
You now have 504 gold pieces (gained 6).
Q - a scroll of identify {@r1}
Q - 2 scrolls of identify {@r1} (gained 1)
You now have 511 gold pieces (gained 7).
Key pressed, stopping explore.
Key pressed, stopping explore.
An orc priest, an orc and a centaur come into view.
As you read the scroll of identify {@r1}, it crumbles to dust.
g - a scroll of enchant armour The orc shouts!
The centaur shouts!
The orc priest shouts!
You hear a shout! x2
The centaur wields a +0 shortbow.
The centaur shoots an arrow.
The arrow hits you!
You hear a shout! x4 😕 HP[-9]
You take 9 damage, and now have 42/51 hp.
The orc priest hits you with a +0 mace.
You focus your inner power and blind the orc priest in retribution!
The orc is stunned by your conviction and fails to attack.
The centaur shoots an arrow.
The arrow hits you!
You feel threatened and lose the ability to drink potions!
* * * LOW HITPOINT WARNING * * *
😨 HP[-17]
You take 17 damage, and now have 25/51 hp.
MASSIVE DAMAGE!! (PAUSE)
As you read the scroll of fear, it crumbles to dust.
You assume a fearsome visage.
The orc priest looks frightened!
The orc looks frightened!
The centaur looks frightened!
An orc comes into view. It is wielding a +0 flail.
You are restored by drawing out deep reserves of power within.
You feel drained.
An orc wizard comes into view.
It is wielding a +0 antimagic dagger. 😕 HP[+21]
You now have 48 max hp (-3).
You regained 21 hp, and now have 46/48 hp.
You hit the orc. You grab the orc. You tentacle-slap the orc.
You constrict the orc.
The orc priest is no longer blind.
Cornered, the centaur turns to fight!
The orc priest begins to pray, but is stunned by your conviction!
The orc misses you.
Casting: Static Discharge (safe; 2% risk of failure)
Confirm with . or Enter, or press ? or * to list all spells.
You feel a surge of power!
The orc is struck by an arc of lightning!
You kill the orc!
The lightning grounds out.
The centaur shoots an arrow.
The arrow hits you!
The orc nearly stumbles in trying to escape.
Cornered, the orc turns to fight!
The orc wizard casts a spell at you.
You easily resist.
The centaur shoots an arrow.
The arrow hits you! 😮 HP[-20] MP[-2]
You take 20 damage, and now have 26/48 hp.
MASSIVE DAMAGE!! (PAUSE)
You lost 2 mp, and now have 24/26 mp.
An orc warrior comes into view. It is wielding a +0 scimitar.
Found a staircase to the Orcish Mines.
The orc warrior shouts!
You hear a shout!
An orc comes into view. It is wielding a +0 flail.
The centaur shoots an arrow.
The arrow misses you.
The centaur shoots an arrow.
The arrow hits you!
* * * LOW HITPOINT WARNING * * *
The orc warrior moves out of view.
You see here a +0 flail {mace}. 😨 HP[-9]
You take 9 damage, and now have 17/48 hp.
The orc attacks as you move away! The orc closely misses you.
The centaur unwields a +0 shortbow.
The centaur closely misses you. The centaur misses you.
The orc priest begins to pray, but is stunned by your conviction!
An orc wizard comes into view. It is wielding a +0 dagger.
An orc priest comes into view. It is wielding a +0 hand axe.
Unknown command.
Okay, then.
You cannot drink potions in your current state!
Okay, then.
You cannot drink potions in your current state!
Unknown command.
Okay, then.
As you read the scroll of teleportation {@r4}, it crumbles to dust.
You feel strangely unstable. The centaur barely misses you.
The centaur misses you.
The orc priest begins to pray, but is stunned by your conviction!
The orc warrior hits you with a +0 scimitar!!
You die...

Skill      XL: |  1  2  3  4  5  6  7  8  9 |
---------------+----------------------------+-----
Spellcasting   | 3 4 5 |  5.9
Dodging        | 3 4 6 7 |  7.8
Air Magic      | 4 7 9 |  9.7
Stealth        | |  2.6
Conjurations   | |  1.0

Action                   |  1- 3 |  4- 6 |  7- 9 || total
-------------------------+-------+-------+-------++-------
Melee: Dagger            |    15 |     3 |       ||    18
       Constrict         |     7 |    12 |    18 ||    37
       Tentacles         |     1 |     8 |    27 ||    36
       Short sword       |       |    38 |    22 ||    60
       Staff             |       |       |    77 ||    77
       Punch             |       |       |     5 ||     5
 Cast: Shock             |    37 |   100 |   149 ||   286
       Static Discharge  |       |     9 |    58 ||    67
       Swiftness         |       |       |     1 ||     1
       Airstrike         |       |       |     3 ||     3
Invok: Sacrifice Drink   |     1 |       |       ||     1
       Sacrifice Resista |       |     1 |       ||     1
       Draw Out Power    |       |     2 |     6 ||     8
       Reject Sacrifices |       |       |     1 ||     1
Evoke: Wand              |       |       |     5 ||     5
  Use: Potion            |     1 |     1 |       ||     2
       Scroll            |       |     7 |     6 ||    13
 Stab: Paralysed         |       |       |     1 ||     1
       Invisible         |       |       |     2 ||     2
       Sleeping          |       |       |     1 ||     1
Armor: Skin              |     3 |    10 |    13 ||    26
Dodge: Dodged            |     7 |    39 |   127 ||   173
Block: Buckler           |     2 |     6 |    29 ||    37

Levels and vault maps discovered:
D:1:      wander_arrival_desolate, layout_loops_corners, serial_shops,
          nicolae_shop_overgrown_old_shop, ebering_ecumenical_altar_mist
D:2:      cheibrodos_pilgrimage, layout_basic, basic_altar, uniq_robin
D:3:      layout_basic, ebering_ghost_sewer_d, minmay_strange_pillars
D:4:      layout_basic
D:5:      layout_basic, minmay_pentangle
D:6:      layout_loops_ring, minmay_temple_entry_wispy, kb_rosetta
D:7:      layout_cave_pools, old_standard_altar, hangedman_glass_teeth
D:8:      layout_basic, enter_bailey_3
D:9:      layout_rooms, erik_orc_3

Notes
Turn   | Place    | Note
-------+----------+-------------------------------------------
     0 | D:1      | spaghetti the Octopode Air Elementalist began the quest for
                  | the Orb.
     0 | D:1      | Reached XP level 1. HP: 11/11 MP: 3/3
     0 | D:1      | magus.rc [v1.9.6]
   343 | D:1      | Reached XP level 2. HP: 17/17 MP: 0/5
   513 | D:1      | Found a faded altar of an unknown god.
   528 | D:1      | Prayed at the altar of an unknown god.
   528 | D:1      | Became a worshipper of Ru the Awakened
   537 | D:1      | Gained mutation: You sometimes lose the ability to drink
                  | potions when taking damage. [Ru sacrifice]
   537 | D:1      | Reached * piety under Ru
   659 | D:1      | You pick up a book of Burglary and begin reading...
   659 | D:1      | You add the spells Passwall and Ensorcelled Hibernation to
                  | your library.
   870 | D:1      | Reached skill level 3 in Spellcasting
   913 | D:1      | Found Ses Itet's Assorted Antiques.
  1205 | D:2      | Reached XP level 3. HP: 21/21 MP: 2/8
  1218 | D:2      | Reached XP level 4. HP: 21/27 MP: 1/9
  1220 | D:2      | HP: 5/27 [orc priest/divine providence (16)]
  1222 | D:2      | Reached skill level 4 in Spellcasting
  1634 | D:2      | Found a sparkling altar of Nemelex Xobeh.
  1736 | D:2      | Noticed Robin
  1752 | D:2      | Killed Robin
  1753 | D:2      | Reached skill level 3 in Dodging
  1764 | D:2      | Reached XP level 5. HP: 22/31 MP: 0/11
  3071 | D:3      | Gained mutation: You are sensitive to extremes of
                  | temperature. (rF-, rC-) [Ru sacrifice]
  3071 | D:3      | Reached ** piety under Ru
  3071 | D:3      | Reached *** piety under Ru
  3413 | D:3      | Found a runed translucent door.
  3420 | D:3      | Noticed qwertyui's ghost (weakling GrFi)
  3429 | D:3      | Reached skill level 4 in Dodging
  4013 | D:5      | Entered Level 5 of the Dungeon
  4030 | D:5      | Learned a level 2 spell: Static Discharge
  4034 | D:5      | Learned a level 3 spell: Swiftness
  4039 | D:5      | Learned a level 4 spell: Airstrike
  4092 | D:5      | Reached XP level 6. HP: 36/36 MP: 10/12
  4191 | D:5      | Reached skill level 5 in Dodging
  4316 | D:5      | Noticed a sky beast
  4327 | D:5      | Killed a sky beast
  4509 | D:5      | You pick up a book of Callings and begin reading...
  4509 | D:5      | You add the spells Summon Small Mammal, Call Canine
                  | Familiar and Summon Guardian Golem to your library.
  4546 | D:5      | Reached skill level 6 in Dodging
  4548 | D:5      | Reached XP level 7. HP: 33/40 MP: 5/13
  4836 | D:5      | Reached skill level 7 in Dodging
  5505 | D:6      | Noticed a gargoyle
  5968 | D:6      | Found a staircase to the Ecumenical Temple.
  5994 | D:6      | Reached skill level 4 in Air Magic
  5994 | D:6      | Reached XP level 8. HP: 23/46 MP: 4/14
  6274 | D:6      | Reached skill level 5 in Air Magic
  6299 | D:6      | Noticed a gargoyle
  6536 | D:7      | Reached skill level 6 in Air Magic
  6971 | D:7      | Reached skill level 7 in Air Magic
  7132 | D:7      | Found a bloodstained altar of Trog.
  7253 | D:7      | Reached XP level 9. HP: 25/51 MP: 15/15
  7262 | D:7      | Reached skill level 8 in Air Magic
  7502 | D:7      | You pick up a book of Armaments and begin reading...
  7502 | D:7      | You add the spells Stone Arrow and Lehudib's Crystal Spear
                  | to your library.
  7696 | D:8      | Reached skill level 9 in Air Magic
  7885 | D:8      | Reached skill level 5 in Spellcasting
  8112 | D:8      | Found a flagged portal.
  8380 | D:8      | You pick up a book of Vapours and begin reading...
  8380 | D:8      | You add the spells Poisonous Vapours and Corpse Rot to your
                  | library.
  9068 | D:9      | Found a staircase to the Orcish Mines.
  9070 | D:9      | Slain by an orc warrior

Vanquished Creatures
  A vampire (D:9)
  2 water moccasins (D:7)
  An ice beast (D:7)
  An orc warrior (D:8)
  2 sky beasts
  A black bear (D:7)
  2 ogres (D:5)
  2 phantoms
  2 centaurs
  4 bullfrogs
  A kobold brigand (D:6)
  2 gnoll sergeants (D:8)
  A scorpion (D:6)
  3 wights
  3 killer bees (D:9)
  A howler monkey (D:7)
  4 orc priests
  5 hounds
  A gnoll shaman (D:7)
  5 iguanas
  6 orc wizards
  Robin (D:2)
  19 gnolls
  7 adders
  A shadow imp (D:7)
  2 white imps
  An ufetubus (D:6)
  3 dart slugs
  25 orcs
  5 endoplasms
  2 giant cockroaches
  17 goblins
  4 hobgoblins
  5 jackals
  9 kobolds
  2 quokkas
  4 ball pythons
  4 bats
  2 frilled lizards
  5 rats
168 creatures vanquished.

Vanquished Creatures (others)
  An orc wizard (D:7)
  An orc (D:8)
2 creatures vanquished.

Grand Total: 170 creatures vanquished

Table legend:
 A = Non-vault XP
 B = Vault XP
 C = Vault XP percentage of total XP
 D = Non-vault monster count
 E = Vault monster count
 F = Vault count percentage of total count
                 A         B        C        D         E       F
            +---------+---------+-------+---------+---------+-------
      Total |    3634 |     659 |  15.4 |     135 |      35 |  20.6
            +---------+---------+-------+---------+---------+-------
        D:1 |      29 |       0 |   0.0 |      17 |       0 |   0.0
        D:2 |      26 |     135 |  83.9 |      10 |      19 |  65.5
        D:3 |      43 |      27 |  38.6 |      17 |       2 |  10.5
        D:4 |      43 |       0 |   0.0 |       2 |       0 |   0.0
        D:5 |     386 |     394 |  50.5 |      15 |       8 |  34.8
        D:6 |     536 |      92 |  14.6 |      16 |       1 |   5.9
        D:7 |    1267 |       0 |   0.0 |      23 |       0 |   0.0
        D:8 |     908 |       8 |   0.9 |      30 |       4 |  11.8
        D:9 |     396 |       3 |   0.8 |       5 |       1 |  16.7
            +---------+---------+-------+---------+---------+-------

Illustrated notes

Table legend:
 A = Kills in this place as a percentage of kills in entire the game.
 B = Kills by you in this place as a percentage of kills by you in the entire game.
 C = Kills by friends in this place as a percentage of kills by friends in the entire game.
 D = Other kills in this place as a percentage of other kills in the entire game.
 E = Experience gained in this place as a percentage of experience gained in the entire game.
 F = Experience gained in this place divided by the number of levels of this place that you have seen.
                   A       B       C       D       E      F
               +-------+-------+-------+-------+-------+----------------------
         Total | 100.0 | 100.0 |   N/A | 100.0 | 100.0 | 477.0
       Dungeon | 100.0 | 100.0 |   N/A | 100.0 | 100.0 | 477.0
               +-------+-------+-------+-------+-------+----------------------

Table legend: (Time is in decaauts)
 A = Elapsed time spent in this place.
 B = Non-inter-level travel time spent in this place.
 C = Inter-level travel time spent in this place.
 D = Time resting spent in this place.
 E = Time spent auto-exploring this place.
 F = Levels seen in this place.
 G = Mean time per level.
                   A        B        C        D        E       F      G
               +--------+--------+--------+--------+--------+-----+--------+
         Total |   9094 |   8740 |    354 |   1701 |   5972 |   9 | 1010.4 |
       Dungeon |   9094 |   8740 |    354 |   1701 |   5972 |   9 | 1010.4 |
               +--------+--------+--------+--------+--------+-----+--------+

Top non-repeatable levels by time:
     D:5: 1625 daAuts
     D:2: 1505 daAuts
     D:1: 1188 daAuts
     D:7: 1161 daAuts
     D:8: 975 daAuts
     D:3: 907 daAuts
     D:6: 901 daAuts
     D:9: 416 daAuts
     D:4: 412 daAuts
